 Dungeon Crawl Stone Soup version 0.30-a0-989-g0d87f670db (webtiles) character file.

Game seed: 6292645814817598354

80 Dirtsage the Chopper (level 4, -3/35 HPs)
             Began as a Demonspawn Berserker on Apr 3, 2023.
             Was a Believer of Trog.
             Killed by divine providence
             ... invoked by an orc priest
              (14 damage)
             ... on level 4 of the Dungeon.
             The game lasted 00:04:53 (2778 turns).

Dirtsage the Chopper (Demonspawn Berserker)         Turns: 2778, Time: 00:04:54

Health: -3/35      AC: 19    Str: 19    XL:     4   Next: 18%
Magic:  4/4        EV:  7    Int: 10    God:    Trog [**....]
Gold:   117        SH:  0    Dex: 13    Spells: 3/3 levels left

rFire   . . .      SeeInvis +    a - +0 hand axe
rCold   + . .      Faith    .    (no shield)
rNeg    + . .      Spirit   .    s - +10 chain mail "Cantaf" {rN+}
rPois   .          Reflect  .    i - +0 helmet
rElec   .          Rampage  .    (no cloak)
rCorr   .                        (no gloves)
Will    .....                    (no boots) Stlth
                                 (no amulet)
HPRegen 0.25/turn                S - ring of see invisible
MPRegen 0.09/turn                I - ring of protection from cold

@: no status effects
A: hooves 1, ignite blood 1, big brain 1
a: Renounce Religion, Berserk, Trog's Hand


You were on level 4 of the Dungeon.
You worshipped Trog.
Trog was pleased with you.
You visited 1 branch of the dungeon, and saw 4 of its levels.

You collected 189 gold pieces.
You spent 72 gold pieces at shops.

Inventory:

Hand Weapons
 a - a +0 hand axe (weapon)
Armour
 i - a +0 helmet (worn)
 s - the +10 chain mail "Cantaf" (worn) {rN+}
   (You found it on level 3 of the Dungeon)

   rN:        It protects you from negative energy.
Jewellery
 f - a +6 ring of strength
 I - a ring of protection from cold (right hand)
 S - a ring of see invisible (left hand)
Scrolls
 c - a scroll of noise {unknown}
 d - a scroll of magic mapping {unknown}
 e - a scroll of teleportation {unknown}
 g - a scroll of vulnerability {unknown}
 h - 5 scrolls of identify {unknown}
 j - a scroll of fog {unknown}
 k - a scroll of fear {unknown}
 l - a scroll of amnesia {unknown}
 p - a scroll of blinking {unknown}
 r - a scroll of enchant armour {unknown}
Potions
 b - a potion of experience {unknown}
 m - a potion of haste {unknown}
 n - a potion of lignification {unknown}
 o - a potion of heal wounds {unknown}
 q - 2 potions of curing


   Skills:
 - Level 3.0 Fighting
 + Level 4.6 Axes
 - Level 1.7 Armour
 - Level 1.7 Dodging


You had 3 spell levels left.
You didn't know any spells.
Your spell library contained the following spells:

 Spells                   Type           Power      Damage    Failure   Level
 Kiss of Death            Conj/Necr      0%         2d5       99%         1
 Anguish                  Hex/Necr       0%         N/A       100%        4
 Fireball                 Conj/Fire      0%         3d3       100%        5


Dungeon Overview and Level Annotations

Branches:
Dungeon (4/15)
 Temple: D:4-7

Altars:
Wu Jian
Yredelemnul

Shops:
D:1 (   D:2 !


Innate Abilities, Weirdness & Mutations

You have large cloven feet.
Your demonic aura sometimes causes spilled blood to erupt in flames.
You have an unusually large brain. (Int +2)


Message History

An orc comes into view. It is wielding a +0 hand axe.
The orc shouts!
You hit the orc but do no damage. You kick the orc.
The orc is severely wounded.
A dart slug comes into view.
The orc priest mumbles some strange prayers to Beogh against you.
Beogh smites you! The orc hits you but does no damage.
You take 8 damage, and have 27/35 hp.
MASSIVE DAMAGE!!
You hit the orc.
The orc is almost dead.
The orc priest looks encouraged for a moment.
The orc barely misses you.
You slash the orc!
You kill the orc!
Trog accepts your kill.
You barely miss the orc. You kick the orc.
The orc is moderately wounded.
The orc hits you but does no damage.
You hit the orc.
You kill the orc!
Trog accepts your kill.
You barely miss the orc. Your kick misses the orc.
The orc hits you but does no damage.
You barely miss the orc. Your kick misses the orc. You closely miss the orc.
The orc hits you but does no damage.
The orc priest mumbles some strange prayers to Beogh against you.
Beogh smites you!
You take 7 damage, and have 21/35 hp.
You hit the orc. You kick the orc, but do no damage.
The orc is moderately wounded.
You closely miss the orc.
The orc is moderately wounded.
The orc closely misses you.
The orc priest mumbles some strange prayers to Beogh against you.
Beogh smites you!
* * * LOW HITPOINT WARNING * * *
You take 11 damage, and have 10/35 hp.
MASSIVE DAMAGE!!
The orc priest mumbles some strange prayers to Beogh against you.
Beogh smites you!
You die... ##... #.... .... wo#

#o##
#.## ###
##o###.#
##
##....#
#.#
##@..#
#.#
##..##.#
##....#
#.[<##
#..##
#.###
#.# #.#
#.#


You could see an orc priest, a dart slug and 2 orcs.

Vanquished Creatures
  An adder (D:3)
  6 orcs
  5 bats
  2 endoplasms (D:1)
  2 giant cockroaches (D:1)
  4 goblins
  8 hobgoblins
  8 jackals (D:1)
  4 quokkas
  5 ball pythons
  3 frilled lizards
  5 kobolds
  5 rats
58 creatures vanquished.

Notes
Turn   | Place    | Note
-------+----------+-------------------------------------------
     0 | D:1      | Dirtsage the Demonspawn Berserker began the quest for the
                  | Orb.
     0 | D:1      | Reached XP level 1. HP: 18/18 MP: 1/1
   122 | D:1      | Reached skill level 3 in Axes
   126 | D:1      | Gained mutation: You have an unusually large brain. (Int
                  | +2) [demonic ancestry]
   126 | D:1      | Reached XP level 2. HP: 10/24 MP: 2/2
   274 | D:1      | Found Joepropu's Weapon Shop.
   436 | D:1      | Reached ** piety under Trog
   438 | D:1      | Gained mutation: Your demonic aura sometimes causes spilled
                  | blood to erupt in flames. [demonic ancestry]
   438 | D:1      | Reached XP level 3. HP: 19/29 MP: 3/3
   575 | D:1      | Reached skill level 4 in Axes
  1281 | D:2      | Saving game... please wait.
  1298 | D:2      | Found a faded altar of an unknown god.
  1358 | D:2      | Found an ornate altar of the Wu Jian Council.
  1381 | D:2      | Got the Tome of the Sweltering Damned
  1481 | D:2      | Found Zoaguqop's Distillery.
  1490 | D:2      | Bought 2 potions of curing for 72 gold pieces
  2245 | D:3      | Found a basalt altar of Yredelemnul.
  2318 | D:3      | Identified the +10 chain mail "Cantaf" {rN+}
  2320 | D:3      | Gained mutation: You have large cloven feet. [demonic
                  | ancestry]
  2320 | D:3      | Reached XP level 4. HP: 35/35 MP: 4/4
  2778 | D:4      | Killed from afar by an orc priest

Illustrated notes

Levels and vault maps discovered:
D:1:      scummos_arrival_checkerplants, layout_basic, serial_shops,
          nicolae_shop_bloodbath_and_beyond, minmay_pentomino_s2
D:2:      layout_loops_corners, hellmonk_ecumenical_altar_defaced_shrine,
          basic_altar, serial_shops, shop
D:3:      layout_basic, lemuel_doored_altar, minmay_unequal,
          uniq_crazy_yiuf_cottage
D:4:      layout_layer_cave, amcnicky_altar_gilded, temple_fountains,
          minmay_fractal_squares_gapless_5, uniq_pikel

Skill      XL: |  1  2  3 |
---------------+----------+-----
Axes           | 3 4 |  4.6
Fighting       | |  3.0
Armour         | |  1.7
Dodging        | |  1.7

Action                     |  1- 3 |  4- 6 || total
---------------------------+-------+-------++-------
  Melee: Hand axe          |   166 |    24 ||   190
         Punch             |     1 |     1 ||     2
         Kick              |       |     5 ||     5
 Invoke: Berserk           |     1 |       ||     1
 Armour: Animal skin       |    14 |       ||    14
         Ring mail         |    27 |       ||    27
         Chain mail        |       |    15 ||    15
  Dodge: Dodged            |   104 |    10 ||   114

Table legend: (Time is in decaauts)
 A = Elapsed time spent in this place.
 B = Non-inter-level travel time spent in this place.
 C = Inter-level travel time spent in this place.
 D = Time resting spent in this place.
 E = Time spent auto-exploring this place.
 F = Levels seen in this place.
 G = Mean time per level.
                   A        B        C        D        E       F      G
               +--------+--------+--------+--------+--------+-----+--------+
         Total |   2804 |   2726 |     78 |    105 |   2209 |   4 |  701.0 |
       Dungeon |   2804 |   2726 |     78 |    105 |   2209 |   4 |  701.0 |
               +--------+--------+--------+--------+--------+-----+--------+

Top non-repeatable levels by time:
     D:1: 1175 daAuts
     D:2: 859 daAuts
     D:3: 741 daAuts
     D:4: 27 daAuts
